[Event "DPMM 2023-24"]
[Site "Germany"]
[Date "2024.01.28"]
[Round "20.3"]
[White "Dobierzin, Olaf"]
[Black "Schiffer, Stefan"]
[Result "0-1"]
[ECO "B39"]
[WhiteElo "1936"]
[BlackElo "2192"]
[PlyCount "68"]
[EventDate "2024.03.14"]
[EventType "team-tourn"]
[EventCountry "GER"]
[TimeControl "40/6000:20/3000:0"]

1. e4 c5 2. Nf3 g6 3. d4 cxd4 4. Nxd4 Nc6 5. c4 Nf6 6. Nc3 Bg7 7. Be3 Ng4 8. Qxg4 Nxd4 9. Qd1 e5 10. Nb5 O-O 11. Bd3 Nxb5 12. cxb5 d5 13. O-O Be6 14. b3 b6 15. Rc1 d4 16. Bd2 Qe7 17. Bc4 Rac8 18. Qe2 Bxc4 19. Rxc4 Qd7 20. Qd3 Rxc4 21. bxc4 Rc8 22. Rc1 Bf8 23. h3 Qb7 24. Re1 a6 25. a4 Qd7 26. Rb1 a5 27. Re1 Qe6 28. Rc1 Bd6 29. Kf1 Qe7 30. Rc2 Bb4 31. Ke2 Bxd2 32. Qxd2 Qa3 33. Ra2 Qb3 34. Rc2 Rxc4 0-1

[Event "DPMM 2023-24"]
[Site "Germany"]
[Date "2024.01.28"]
[Round "20.4"]
[White "Dobrikov, Marco"]
[Black "Beyerlein, Andreas"]
[Result "1-0"]
[ECO "B45"]
[WhiteElo "2362"]
[BlackElo "2167"]
[PlyCount "103"]
[EventDate "2024.03.14"]
[EventType "team-tourn"]
[EventCountry "GER"]
[TimeControl "40/6000:20/3000:0"]

1. e4 c5 2. Nf3 e6 3. d4 cxd4 4. Nxd4 Nf6 5. Nc3 Nc6 6. Ndb5 Bc5 7. Nd6+ Ke7 8. Nxc8+ Rxc8 9. Bd3 Ne5 10. O-O Nxd3 11. cxd3 Bd4 12. Nb5 Qb6 13. Qa4 e5 14. Bg5 h6 15. Bh4 g5 16. Bg3 Nh5 17. Nxd4 Nxg3 18. Qa3+ Qc5 19. fxg3 exd4 20. Qb3 f6 21. Rf5 Qb6 22. Rb5 Qe6 23. Rd5 Qb6 24. Qa3+ d6 25. Re1 Ke6 26. h3 Rc2 27. Rf1 Rf8 28. Rff5 a6 29. Kh2 h5 30. Rb5 Rxg2+ 31. Kxg2 axb5 32. Qb3+ Ke7 33. Rxb5 Qc6 34. Rxb7+ Kd8 35. Rb6 Qc5 36. Rb8+ Ke7 37. Qb7+ Ke6 38. Qd5+ Ke7 39. Qxc5 dxc5 40. Rxf8 Kxf8 41. g4 hxg4 42. hxg4 Ke7 43. Kf3 Kd6 44. Ke2 Kc6 45. Kd2 Kb5 46. b3 Kb4 47. a4 Ka5 48. Kc2 Kb4 49. Kb2 Ka5 50. Ka3 Kb6 51. b4 cxb4+ 52. Kxb4 1-0

[Event "DPMM 2023-24"]
[Site "Germany"]
[Date "2024.01.28"]
[Round "20.4"]
[White "Boidman, Yuri"]
[Black "Braun, Burkhard"]
[Result "1-0"]
[ECO "B30"]
[WhiteElo "2251"]
[BlackElo "1850"]
[PlyCount "87"]
[EventDate "2024.03.14"]
[EventType "team-tourn"]
[EventCountry "GER"]
[TimeControl "40/6000:20/3000:0"]

1. e4 c5 2. Nf3 Nc6 3. Bb5 a6 4. Bxc6 bxc6 5. O-O e6 6. Nc3 Ne7 7. d3 Ng6 8. Re1 Be7 9. g3 O-O 10. h4 f6 11. h5 Ne5 12. Nh2 d6 13. f4 Nf7 14. Nf3 f5 15. g4 fxg4 16. Nh2 Bf6 17. Nxg4 Bd4+ 18. Kg2 Ra7 19. Ne2 Bf6 20. Ng3 e5 21. Nxf6+ Qxf6 22. f5 d5 23. Be3 d4 24. Bd2 a5 25. a4 Nh6 26. b3 Bd7 27. Rh1 Nf7 28. Qg4 Kh8 29. Rag1 Rg8 30. Kf2 Nh6 31. Qd1 Nf7 32. Nf1 Be8 33. Qf3 Bd7 34. Nh2 Nd6 35. Ng4 Qe7 36. Qg3 Re8 37. Ke2 c4 38. bxc4 c5 39. Ra1 Nc8 40. Rhb1 Qd6 41. h6 g6 42. Bg5 gxf5 43. Bf6+ Kg8 44. Nxe5+ 1-0

[Event "DPMM 2023-24"]
[Site "Germany"]
[Date "2024.01.28"]
[Round "20.4"]
[White "Peng, Xiang-Tobias"]
[Black "Cernov, Henrik"]
[Result "1-0"]
[ECO "B45"]
[WhiteElo "2173"]
[BlackElo "2061"]
[PlyCount "53"]
[EventDate "2024.03.14"]
[EventType "team-tourn"]
[EventCountry "GER"]
[TimeControl "40/6000:20/3000:0"]

1. e4 c5 2. Nf3 e6 3. Nc3 Nc6 4. d4 cxd4 5. Nxd4 Nf6 6. Nxc6 bxc6 7. e5 Nd5 8. Ne4 Qc7 9. f4 Qb6 10. c4 Bb4+ 11. Ke2 f5 12. Nf2 Ne7 13. Be3 Bc5 14. Bxc5 Qxc5 15. b3 Ba6 16. Qd6 Qa5 17. Nd3 Rd8 18. g3 Nc8 19. Qb4 Qxb4 20. Nxb4 Bb7 21. Bg2 Ke7 22. Rhd1 h6 23. Nd3 g5 24. Nc5 Ba8 25. Rd2 gxf4 26. gxf4 Rhg8 27. Bf3 1-0

[Event "DPMM 2023-24"]
[Site "Germany"]
[Date "2024.01.28"]
[Round "20.4"]
[White "Fartmann, Oliver"]
[Black "Armbrust, Florian"]
[Result "0-1"]
[ECO "E94"]
[WhiteElo "2084"]
[BlackElo "2282"]
[PlyCount "68"]
[EventDate "2024.03.14"]
[EventType "team-tourn"]
[EventCountry "GER"]
[TimeControl "40/6000:20/3000:0"]

1. d4 Nf6 2. c4 d6 3. Nf3 Nbd7 4. Nc3 e5 5. e4 g6 6. Be2 Bg7 7. O-O O-O 8. Be3 c6 9. d5 c5 10. Ne1 Kh8 11. g4 Ng8 12. Qd2 f5 13. gxf5 gxf5 14. exf5 Ne7 15. Bg5 Nf6 16. f4 exf4 17. Qxf4 Bxf5 18. Ng2 Qd7 19. Rae1 Rae8 20. Bd1 Bd3 21. Ba4 Qd8 22. Bxe8 Bxf1 23. Qxf1 Qxe8 24. Qe2 Qg6 25. Qxe7 Qxg5 26. Qxd6 Qd2 27. Re2 Qd4+ 28. Ne3 Ng4 29. Ncd1 Qd3 30. Re1 Ne5 31. Kh1 Qe4+ 32. Ng2 Qf3 33. Nde3 Nd3 34. Qxf8+ Qxf8 0-1

[Event "DPMM 2023-24"]
[Site "Germany"]
[Date "2024.01.28"]
[Round "20.4"]
[White "Pietzsch, Manuel"]
[Black "Eichstaedt, Axel"]
[Result "1-0"]
[ECO "B01"]
[WhiteElo "2055"]
[BlackElo "1883"]
[PlyCount "25"]
[EventDate "2024.03.14"]
[EventType "team-tourn"]
[EventCountry "GER"]
[TimeControl "40/6000:20/3000:0"]

1. e4 d5 2. exd5 Qxd5 3. Nc3 Qd6 4. d4 Nf6 5. Bd3 a6 6. Nge2 Nc6 7. Bf4 Qd8 8. Ne4 e5 9. dxe5 Ng4 10. Bc4 Qe7 11. N2c3 Ngxe5 12. Nd5 Qd8 13. Bg5 1-0